MLB
HOUSTON ASTROS @ SEATTLE MARINERS
09/26/2048
 
TOP OF THE 1ST
Houston Astros batting - Pitching for Seattle Mariners : LHP Antonio Diaz
Pitching: LHP Antonio Diaz
Batting: RHB Jesse Scott 0-0: Foul Ball, location: 2F
0-1: Fly out, F9 (Flyball, 89M, EV 94.4 MPH)
Batting: RHB Eric Chotkowski 0-0: Called Strike
0-1: Ball
1-1: Foul Ball, location: 2F
1-2: Fly out, F9 (Flyball, 89S, EV 83.8 MPH)
Batting: RHB Jeremy Trump 0-0: Ball
1-0: Swinging Strike
1-1: Foul Ball, location: 2F
1-2: Ball
2-2: Ball
3-2: Foul Ball, location: 2F
3-2: Foul Ball, location: 2F
3-2: Strikes out swinging
Top of the 1st over - 0 runs, 0 hits, 0 errors, 0 left on base; Houston 0 - Seattle 0
BOTTOM OF THE 1ST
Seattle Mariners batting - Pitching for Houston Astros : RHP Salisbury Swanson
Pitching: RHP Salisbury Swanson
Batting: LHB Dae-ik Yoon 0-0: Foul Ball, location: 2F
0-1: Ball
1-1: Fly out, F9 (Flyball, 9, EV 70.6 MPH)
Batting: RHB Jose Vasquez 0-0: Ball
1-0: Ball
2-0: Ball
3-0: Called Strike
3-1: Fly out, F7 (Line Drive, 7S, EV 103.8 MPH)
Batting: SHB Floyd-William Goof 0-0: Ball
1-0: SINGLE (Groundball, 4D, EV 105.0 MPH)
Batting: SHB Robbie Rogers 0-0: Called Strike
0-1: Ball
Floyd-William Goof steals 2nd base
1-1: Foul Ball, location: 2F
1-2: Fly out, F8 (Flyball, 8RXD, EV 91.2 MPH)
Bottom of the 1st over - 0 runs, 1 hit, 0 errors, 1 left on base; Houston 0 - Seattle 0
TOP OF THE 2ND
Houston Astros batting - Pitching for Seattle Mariners : LHP Antonio Diaz
Batting: RHB Elijah Hunter 0-0: Hit by Pitch
Batting: LHB Eric Katz 0-0: Ball
1-0: Ball
2-0: Foul Ball, location: 2F
2-1: Called Strike
2-2: Ball
3-2: Strikes out swinging
Elijah Hunter is caught stealing 2nd base 2-6
Batter strikes out.
Batting: SHB Troy Kenyon 0-0: Called Strike
0-1: Called Strike
0-2: Ball
1-2: Strikes out swinging
Top of the 2nd over - 0 runs, 0 hits, 0 errors, 0 left on base; Houston 0 - Seattle 0
BOTTOM OF THE 2ND
Seattle Mariners batting - Pitching for Houston Astros : RHP Salisbury Swanson
Batting: RHB Tony Vargas 0-0: Called Strike
0-1: Ball
1-1: Swinging Strike
1-2: Ball
2-2: Foul Ball, location: 2F
2-2: Strikes out swinging
Batting: RHB Pavpv Ivanushkin 0-0: Called Strike
0-1: Ground out 5-3 (Groundball, 5, EV 96.9 MPH)
Batting: RHB Harutomi Matsubara 0-0: Foul Ball, location: 2F
0-1: Foul Ball, location: 2F
0-2: Strikes out swinging
Bottom of the 2nd over - 0 runs, 0 hits, 0 errors, 0 left on base; Houston 0 - Seattle 0
TOP OF THE 3RD
Houston Astros batting - Pitching for Seattle Mariners : LHP Antonio Diaz
Batting: SHB Rich Chavez 0-0: Foul Ball, location: 2F
0-1: Ball
1-1: Ball
2-1: Fly out, F3 (Popup, 3SF, EV 73.1 MPH)
Batting: LHB Jack Christie 0-0: Swinging Strike
0-1: Foul Ball, location: 2F
0-2: Ball
1-2: Hit by Pitch
Batting: SHB Joe Gardner 0-0: Ball
1-0: Swinging Strike
1-1: Grounds into double play, 5-4-3 (Groundball, 56S, EV 87.5 MPH)
Top of the 3rd over - 0 runs, 0 hits, 0 errors, 0 left on base; Houston 0 - Seattle 0
BOTTOM OF THE 3RD
Seattle Mariners batting - Pitching for Houston Astros : RHP Salisbury Swanson
Batting: RHB Jimmy Hammertime 0-0: Foul Ball, location: 2F
0-1: Ball
1-1: Ground out 1-3 (Groundball, P, EV 63.8 MPH)
Batting: LHB Jerrod Cluck 0-0: Called Strike
0-1: Ground out 6-3 (Groundball, 6, EV 86.9 MPH)
Batting: LHB Dae-ik Yoon 0-0: Called Strike
0-1: Foul Ball, location: 2F
0-2: Ball
1-2: Foul Ball, location: 2F
1-2: Ball
2-2: Ball
3-2: Strikes out swinging
Bottom of the 3rd over - 0 runs, 0 hits, 0 errors, 0 left on base; Houston 0 - Seattle 0
TOP OF THE 4TH
Houston Astros batting - Pitching for Seattle Mariners : LHP Antonio Diaz
Batting: RHB Jesse Scott 0-0: Fly out, F8 (Line Drive, 8LS, EV 100.6 MPH)
Batting: RHB Eric Chotkowski 0-0: Foul Ball, location: 2F
0-1: Foul Ball, location: 2F
0-2: Foul Ball, location: 2F
0-2: SINGLE (Groundball, 6MD, EV 97.5 MPH)
Batting: RHB Jeremy Trump 0-0: Ball
1-0: Swinging Strike
1-1: Called Strike
1-2: Grounds into double play, 6-4-3 (Groundball, 6, EV 84.4 MPH)
Top of the 4th over - 0 runs, 1 hit, 0 errors, 0 left on base; Houston 0 - Seattle 0
BOTTOM OF THE 4TH
Seattle Mariners batting - Pitching for Houston Astros : RHP Salisbury Swanson
Batting: RHB Jose Vasquez 0-0: Ball
1-0: Ball
2-0: Foul Ball, location: 2F
2-1: Ball
3-1: Foul Ball, location: 2F
3-2: Strikes out swinging
Batting: SHB Floyd-William Goof 0-0: Called Strike
0-1: DOUBLE (Groundball, 5L, EV 101.9 MPH)
Batting: SHB Robbie Rogers 0-0: Ball
1-0: Called Strike
1-1: Foul Ball, location: 2F
1-2: Strikes out looking
Batting: RHB Tony Vargas 0-0: Foul Ball, location: 2F
0-1: Ball
1-1: Foul Ball, location: 2F
1-2: Ball
2-2: Ball
3-2: Base on Balls
Batting: RHB Pavpv Ivanushkin 0-0: Fly out, F8 (Flyball, 8LD, EV 73.1 MPH)
Bottom of the 4th over - 0 runs, 1 hit, 0 errors, 2 left on base; Houston 0 - Seattle 0
TOP OF THE 5TH
Houston Astros batting - Pitching for Seattle Mariners : LHP Antonio Diaz
Batting: RHB Elijah Hunter 0-0: Ball
1-0: Foul Ball, location: 2F
1-1: Swinging Strike
1-2: Strikes out swinging
Batting: LHB Eric Katz 0-0: Ball
1-0: Ball
2-0: Swinging Strike
2-1: Ball
3-1: Foul Ball, location: 2F
3-2: Strikes out looking
Batting: SHB Troy Kenyon 0-0: Ball
1-0: Swinging Strike
1-1: Ball
2-1: Ball
3-1: Foul Ball, location: 2F
3-2: Foul Ball, location: 2F
3-2: Foul Ball, location: 2F
3-2: Foul Ball, location: 2F
3-2: Foul Ball, location: 2F
3-2: Strikes out looking
Top of the 5th over - 0 runs, 0 hits, 0 errors, 0 left on base; Houston 0 - Seattle 0
BOTTOM OF THE 5TH
Seattle Mariners batting - Pitching for Houston Astros : RHP Salisbury Swanson
Batting: RHB Harutomi Matsubara 0-0: Ball
1-0: Ball
2-0: Swinging Strike
2-1: Ball
3-1: SINGLE (Line Drive, 4MD, EV 101.9 MPH)
Batting: RHB Jimmy Hammertime 0-0: Ball
Harutomi Matsubara steals 2nd, throwing error, E2
Harutomi Matsubara to third
1-0: Ball
2-0: Foul Ball, location: 2F
2-1: Foul Ball, location: 2F
2-2: Fly out, F8 (Flyball, 89XD, EV 88.1 MPH)
Runner from 3rd tags up, SCORES, no throw by CF
Batting: LHB Jerrod Cluck 0-0: Ball
1-0: Ground out 3-1 (Groundball, 13, EV 90.6 MPH)
Batting: LHB Dae-ik Yoon 0-0: Called Strike
0-1: Ball
1-1: Ball
2-1: Ball
3-1: Base on Balls
Batting: RHB Jose Vasquez 0-0: Swinging Strike
0-1: DOUBLE (Line Drive, 9LM, EV 106.9 MPH)
Dae-ik Yoon to third
Batting: SHB Floyd-William Goof 0-0: Ball
1-0: SINGLE (Groundball, 4MD, EV 103.1 MPH)
Dae-ik Yoon scores
Jose Vasquez to third
Runner from 3rd tries for Home, SAFE, throw by CF to home
Batting: SHB Robbie Rogers 0-0: Called Strike
0-1: Foul Ball, location: 2F
0-2: SINGLE (Line Drive, 9LS, EV 95.0 MPH)
Floyd-William Goof to second
Runner from 2nd tries for 3rd, SAFE, no throw by RF
Batting: RHB Tony Vargas 0-0: Ball
1-0: Called Strike
1-1: Called Strike
1-2: Foul Ball, location: 2F
1-2: Ball
2-2: Fielders Choice at 2nd, 6-4 (Groundball, 6, EV 93.8 MPH)
Bottom of the 5th over - 3 runs, 4 hits, 1 error, 2 left on base; Houston 0 - Seattle 3
TOP OF THE 6TH
Houston Astros batting - Pitching for Seattle Mariners : LHP Antonio Diaz
Batting: SHB Rich Chavez 0-0: Called Strike
0-1: Fly out, F7 (Flyball, 78M, EV 94.4 MPH)
Batting: LHB Jack Christie 0-0: Called Strike
0-1: Foul Ball, location: 2F
0-2: Ball
1-2: Ball
2-2: SINGLE (Groundball, 4S, EV 83.8 MPH) (infield hit)
Batting: SHB Joe Gardner 0-0: Swinging Strike
0-1: Foul Ball, location: 2F
0-2: Ball
1-2: Strikes out looking
Pitching: RHP Willie Sanchez
Batting: RHB Jesse Scott 0-0: Ball
1-0: Fly out, F6 (Line Drive, 6, EV 70.6 MPH)
Top of the 6th over - 0 runs, 1 hit, 0 errors, 1 left on base; Houston 0 - Seattle 3
BOTTOM OF THE 6TH
Seattle Mariners batting - Pitching for Houston Astros : RHP Salisbury Swanson
Batting: RHB Pavpv Ivanushkin 0-0: Called Strike
0-1: Called Strike
0-2: Strikes out swinging
Batting: RHB Harutomi Matsubara 0-0: Foul Ball, location: 2F
0-1: Ball
1-1: Ground out 4-3 (Groundball, 4D, EV 84.4 MPH)
Batting: RHB Jimmy Hammertime 0-0: Called Strike
0-1: Ball
1-1: Called Strike
1-2: Ball
2-2: Ball
3-2: Strikes out swinging
Bottom of the 6th over - 0 runs, 0 hits, 0 errors, 0 left on base; Houston 0 - Seattle 3
TOP OF THE 7TH
Houston Astros batting - Pitching for Seattle Mariners : RHP Willie Sanchez
Now at 2B: Malik Brookshire
Now at 3B: Corey Ottinger
Batting: RHB Eric Chotkowski 0-0: Foul Ball, location: 2F
0-1: Foul Ball, location: 2F
0-2: Strikes out swinging
Batting: RHB Jeremy Trump 0-0: Swinging Strike
0-1: Ball
1-1: Fly out, F9 (Flyball, 9, EV 82.5 MPH)
Batting: RHB Elijah Hunter 0-0: Swinging Strike
0-1: Foul Ball, location: 2F
0-2: Ball
1-2: Ball
2-2: Ground out 5-3 (Groundball, 56, EV 84.4 MPH)
Top of the 7th over - 0 runs, 0 hits, 0 errors, 0 left on base; Houston 0 - Seattle 3
BOTTOM OF THE 7TH
Seattle Mariners batting - Pitching for Houston Astros : RHP Salisbury Swanson
Batting: LHB Jerrod Cluck 0-0: Ball
1-0: Called Strike
1-1: Ground out U3 (Groundball, 3, EV 81.9 MPH)
Pitching: RHP Bobby Leija
Batting: LHB Dae-ik Yoon 0-0: Foul Ball, location: 2F
0-1: Ball
1-1: Ball
2-1: Ground out 6-3 (Groundball, 56, EV 85.0 MPH)
Batting: RHB Jose Vasquez 0-0: Ball
1-0: SINGLE (Line Drive, 9S, EV 106.9 MPH)
Batting: SHB Floyd-William Goof 0-0: Called Strike
0-1: Swinging Strike
0-2: Ball
1-2: Ball
2-2: Fly out, F9 (Line Drive, 89S, EV 98.1 MPH)
Bottom of the 7th over - 0 runs, 1 hit, 0 errors, 1 left on base; Houston 0 - Seattle 3
TOP OF THE 8TH
Houston Astros batting - Pitching for Seattle Mariners : RHP Willie Sanchez
Batting: LHB Eric Katz 0-0: Called Strike
0-1: Swinging Strike
0-2: Strikes out swinging
Batting: SHB Troy Kenyon 0-0: Foul Ball, location: 2F
0-1: Ball
1-1: Ground out 6-3 (Groundball, 56, EV 104.4 MPH)
Batting: SHB Rich Chavez 0-0: Foul Ball, location: 2F
0-1: Foul Ball, location: 2F
0-2: Ball
1-2: Strikes out swinging
Top of the 8th over - 0 runs, 0 hits, 0 errors, 0 left on base; Houston 0 - Seattle 3
BOTTOM OF THE 8TH
Seattle Mariners batting - Pitching for Houston Astros : RHP Bobby Leija
Batting: SHB Robbie Rogers 0-0: Called Strike
0-1: Ball
1-1: Ball
2-1: Ground out 5-3 (Groundball, 56S, EV 69.4 MPH)
Batting: RHB Tony Vargas 0-0: Called Strike
0-1: Ball
1-1: SINGLE (Groundball, 6S, EV 72.5 MPH) (infield hit)
Batting: RHB Corey Ottinger 0-0: Ball
1-0: Foul Ball, location: 2F
1-1: Ball
2-1: Ball
3-1: Foul Ball, location: 2F
3-2: Base on Balls
Tony Vargas to second
Batting: RHB Harutomi Matsubara 0-0: Ball
1-0: Foul Ball, location: 2F
1-1: Ball
2-1: Fly out, F7 (Line Drive, 7, EV 88.1 MPH)
Batting: RHB Malik Brookshire 0-0: Called Strike
0-1: Ball
1-1: Ball
2-1: Fly out, F8 (Flyball, 8RD, EV 98.1 MPH)
Bottom of the 8th over - 0 runs, 1 hit, 0 errors, 2 left on base; Houston 0 - Seattle 3
TOP OF THE 9TH
Houston Astros batting - Pitching for Seattle Mariners : RHP Willie Sanchez
Pitching: RHP Omar Colunga
Batting: LHB Jack Christie 0-0: Fly out, F9 (Flyball, 89D, EV 81.2 MPH)
Batting: SHB Joe Gardner 0-0: Called Strike
0-1: Ball
1-1: Called Strike
1-2: Foul Ball, location: 2F
1-2: Ball
2-2: Foul Ball, location: 2F
2-2: Strikes out swinging
Batting: RHB Jesse Scott 0-0: Ball
1-0: Ball
2-0: Called Strike
2-1: Ball
3-1: Foul Ball, location: 2F
3-2: Foul Ball, location: 2F
3-2: Base on Balls
Batting: RHB Eric Chotkowski 0-0: Fly out, F3 (Popup, 13, EV 75.6 MPH)
Top of the 9th over - 0 runs, 0 hits, 0 errors, 1 left on base; Houston 0 - Seattle 3
Tuesday, March 28th , 2023 - OOTP Baseball 23.10 Build 110